 Dungeon Crawl Stone Soup version 0.21.1-1-g345015fe64 (webtiles) character file.

147 Peloso the Covered (level 5, -2/46 HPs)
             Began as a Minotaur Fighter on July 12, 2018.
             Slain by Crazy Yiuf
             ... wielding a +4 quarterstaff of chaos
              (3 damage)
             ... on level 2 of the Dungeon.
             The game lasted 00:03:43 (2099 turns).

Peloso the Covered (Minotaur Fighter)               Turns: 2099, Time: 00:03:46

Health: -2/46      AC:  9    Str: 21    XL:     5   Next: 7%
Magic:  4/4        EV: 13    Int:  5    God:
Gold:   124        SH: 10    Dex: 13    Spells: 4/4 levels left

rFire    . . .     SeeInvis +   a - +0 long sword
rCold    . . .     Gourm    .   c - +0 shield
rNeg     . . .     Faith    .   b - +0 scale mail
rPois    .         Spirit   .   (helmet restricted)
rElec    .         Reflect  .   (no cloak)
rCorr    .         Harm     .   (no gloves)
MR       .....                  (no boots)
Stlth    +.........             (no amulet)
HPRegen  0.15/turn              (no ring)
MPRegen  0.09/turn              (no ring)

@: agile, lethally poisoned (-2 -> -7), slowed, very slow
A: retaliatory headbutt, claws 1, horns 2, iridescent scales 1, see invisible,
clumsy 1
a: no special abilities


You were on level 2 of the Dungeon.
You were not hungry.

You visited 1 branch of the dungeon, and saw 2 of its levels.

You collected 124 gold pieces.

Inventory:

Hand Weapons
 a - a +0 long sword (weapon)
 q - a +2 mace of crushing
 r - a +0 mace of holy wrath
 s - a cursed -1 mace
Armour
 b - a +0 scale mail (worn)
 c - a +0 shield (worn)
Wands
 o - a wand of random effects (27)
Scrolls
 g - 3 scrolls of remove curse {unknown}
 h - a scroll of immolation {unknown}
 i - 2 scrolls of enchant armour {unknown}
 j - 3 scrolls of identify {unknown}
 m - a scroll of fog {unknown}
 n - 2 scrolls of teleportation {unknown}
Potions
 d - a potion of might
 e - 4 potions of mutation
 k - a potion of agility
 l - a potion of invisibility {unknown}
 p - a potion of curing {unknown}
Comestibles
 f - 7 rations


   Skills:
 + Level 4.1 Fighting
 + Level 3.9 Long Blades
 + Level 5.0 Armour
 + Level 1.1 Dodging
 + Level 0.2 Stealth
 + Level 4.4 Shields


You had 4 spell levels left.
You didn't know any spells.

Dungeon Overview and Level Annotations

Branches:
Dungeon (2/15)

Altars:

Annotations:
D:2 Crazy Yiuf


Innate Abilities, Weirdness & Mutations

You reflexively headbutt those who attack you in melee.
You have a pair of horns on your head.
You have sharp fingernails.
You are partially covered in iridescent scales. (AC +2)
You have supernaturally acute eyesight. (SInv)
You are clumsy. (Dex -2)


Message History

You hit Crazy Yiuf but do no damage. Your headbutt misses Crazy Yiuf.
Crazy Yiuf is lightly wounded.
You feel sick.
Crazy Yiuf hits you with a quarterstaff of chaos.
* * * LOW HITPOINT WARNING * * *
Crazy Yiuf whimpers, "Hah poople poople!"
You block Crazy Yiuf's attack.
It was a potion of mutation.
You feel extremely strange.
Your fingernails lengthen.
You feel clumsy.
Your vision sharpens.
Iridescent scales grow over part of your body.
* * * LOW HITPOINT WARNING * * *
You feel sick. You block Crazy Yiuf's attack.
Unknown command.
It was a potion of agility.
You feel agile all of a sudden.
You feel sick.
Crazy Yiuf hits you with a quarterstaff of chaos.
* * * LOW HITPOINT WARNING * * *
Crazy Yiuf freezes you.
You die...

..#........#
#....# #.
###...(....#
♣P.PP♣ #.
#........#
♣♣...♣ #.
#........#
♣♣.♣♣ ## #
#........#
♣♣.♣ #
#......(.#
♣)♣♣ #
#........#
♣♣)♣ #
##########
♣)♣♣ # #@#
#)g)# #)))#
#).)# #####


You could see Crazy Yiuf.

Vanquished Creatures
  A water moccasin (D:2)
  An adder (D:2)
  An ooze (D:1)
  A dart slug (D:1)
  A leopard gecko (D:1)
  8 bats
  A goblin (D:2)
  4 hobgoblins
  A ball python (D:2)
  A frilled lizard (D:2)
  A kobold (D:1)
  11 rats
  A fungus (D:2)
33 creatures vanquished.

Notes
Turn   | Place    | Note
-------+----------+-------------------------------------------
     0 | D:1      | Peloso the Minotaur Fighter began the quest for the Orb.
     0 | D:1      | Reached XP level 1. HP: 19/19 MP: 0/0
    91 | D:1      | Reached skill level 4 in Armour
   157 | D:1      | Reached XP level 2. HP: 27/27 MP: 1/1
   928 | D:2      | Reached XP level 3. HP: 15/33 MP: 2/2
  1433 | D:2      | Noticed a water moccasin
  1442 | D:2      | Killed a water moccasin
  1442 | D:2      | Reached skill level 5 in Armour
  1442 | D:2      | Reached skill level 1 in Dodging
  1442 | D:2      | Reached XP level 4. HP: 23/40 MP: 3/3
  1442 | D:2      | Reached XP level 5. HP: 27/46 MP: 4/4
  2085 | D:2      | Found a runed door.
  2090 | D:2      | Noticed Crazy Yiuf
  2098 | D:2      | Gained mutation: You have sharp fingernails. [potion of mutation]
  2098 | D:2      | Gained mutation: You are clumsy. (Dex -2) [potion of mutation]
  2098 | D:2      | Gained mutation: You have supernaturally acute eyesight. (SInv) [potion of mutation]
  2098 | D:2      | Gained mutation: You are partially covered in iridescent scales. (AC +2) [potion of mutation]
  2099 | D:2      | HP: 1/46 [Crazy Yiuf/quarterstaff of chaos (6)]
  2099 | D:2      | Slain by Crazy Yiuf

Skill      XL: |  1  2  3 |
---------------+----------+-----
Armour         | 4 5 |  5.0
Long Blades    | 3 |  3.9
Shields        | 4 |  4.4
Fighting       | 4 |  4.1
Dodging        | 1 |  1.1
Stealth        | |  0.2

Action                   |  1- 3 |  4- 6 || total
-------------------------+-------+-------++-------
Melee: Long sword        |    73 |    12 ||    85
       Headbutt          |     7 |     3 ||    10
  Use: Potion            |       |     2 ||     2
  Eat: Chunk             |     1 |       ||     1
       Ration            |       |     1 ||     1
Armor: Scale mail        |    58 |       ||    58
Dodge: Dodged            |    44 |     1 ||    45
Block: Shield            |    54 |     5 ||    59
       Rpst.: Long sword |    12 |       ||    12
